 Dungeon Crawl Stone Soup version 0.29-a0-392-g297d3b089c (webtiles) character file.

Game seed: 5150547543960051965

18 lesaewzxc the Skirmisher (level 2, 0/40 HPs)
             Began as a Draconian Berserker on May 8, 2022.
             Was a Follower of Trog.
             Slain by a bat (1 damage)
             ... on level 2 of the Dungeon.
             The game lasted 00:02:01 (921 turns).

lesaewzxc the Skirmisher (Draconian Berserker)       Turns: 921, Time: 00:02:02

Health: 0/40       AC:  4    Str: 19    XL:     2   Next: 48%
Magic:  2/2        EV: 12    Int:  7    God:    Trog [*.....]
Gold:   81         SH:  0    Dex: 10    Spells: 1/1 levels left

rFire   . . .      SeeInvis .   a - +0 spear
rCold   . . .      Faith    .   (no shield)
rNeg    . . .      Spirit   .   (body armour unavailable)
rPois   .          Reflect  .   (helmet restricted)
rElec   .          Harm     .   (no cloak)
rCorr   .          Rampage  .   (no gloves)
Will    .....                   (no boots)
Stlth   ..........              (no amulet)
HPRegen 0.13/turn               (no ring)
MPRegen 0.08/turn               (no ring)

@: berserking, very quick
A: AC +4, unfitting armour, cold-blooded
a: Renounce Religion, Berserk


You were on level 2 of the Dungeon.
You worshipped Trog.
Trog was aware of your devotion.
You visited 1 branch of the dungeon, and saw 2 of its levels.

You collected 81 gold pieces.

Inventory:

Hand Weapons
 a - a +0 spear (weapon)
Scrolls
 b - a scroll of enchant armour {unknown}
 e - 2 scrolls of blinking {unknown}
 g - a scroll of vulnerability {unknown}
Potions
 c - 3 potions of degeneration {unknown}
 d - a potion of heal wounds {unknown}
 f - a potion of attraction {unknown}


   Skills:
 + Level 3.6 Fighting
 + Level 3.3 Polearms
 + Level 3.0 Dodging


You had one spell level left.
You didn't know any spells.
Your spell library contained the following spells:

 Spells                   Type           Power      Damage    Failure   Level
 Corpse Rot               Necr/Air       0%         N/A       56%         2
 Poisonous Vapours        Pois/Air       0%         N/A       56%         2


Dungeon Overview and Level Annotations

Branches:
Dungeon (2/15)

Altars:


Innate Abilities, Weirdness & Mutations

Your plain brown scales are hard. (AC +4)
You cannot fit into any form of body armour.
You are cold-blooded and may be slowed by cold attacks.


Message History

You are frozen.
* * * LOW HITPOINT WARNING * * *
The hobgoblin barely misses you. The dart slug launches a dart at you.
The slug dart misses you. The endoplasm attacks as you move away!
The endoplasm hits you.
* * * LOW HITPOINT WARNING * * *
The bat misses you. The bat hits you but does no damage.
The hobgoblin barely misses you. The hobgoblin hits you.
* * * LOW HITPOINT WARNING * * *
The endoplasm closely misses you.
You hit the hobgoblin. You tail-slap the hobgoblin.
The hobgoblin is almost dead.
The bat closely misses you. The bat hits you.
* * * LOW HITPOINT WARNING * * *
The bat barely misses you.
The endoplasm jiggles.
The endoplasm hits you but does no damage.
The hobgoblin barely misses you.
The dart slug bites you but does no damage.
You closely miss the hobgoblin.
The hobgoblin is almost dead.
The bat barely misses you. The endoplasm closely misses you.
The hobgoblin barely misses you. The bat hits you but does no damage.
The dart slug bites you but does no damage.
The endoplasm hits you.
* * * LOW HITPOINT WARNING * * *
The hobgoblin closely misses you.
You closely miss the hobgoblin.
Your tail-slap misses the hobgoblin.
The hobgoblin is almost dead.
You feel yourself speed up. The bat closely misses you.
The hobgoblin hits you but does no damage.
The dart slug barely misses you. The endoplasm freezes you.
You are frozen.
* * * LOW HITPOINT WARNING * * *
A red film seems to cover your vision as you go berserk!
You feel yourself moving faster!
You feel mighty! The bat hits you.
You die...

.# ..# #.##
#######....
#..........
#...?.>..#
#........#
#.J@b....##
#.wg.......
#..<.......
#......)...
##.?.......
..........
#..........
#.........[
#........!.


You could see a dart slug, an endoplasm, a hobgoblin and a bat.

Vanquished Creatures
  A ball python (D:2)
  2 endoplasms
  A giant cockroach (D:1)
  4 goblins
  4 jackals (D:1)
  A bat (D:1)
  A frilled lizard (D:1)
  A rat (D:1)
15 creatures vanquished.

Notes
Turn   | Place    | Note
-------+----------+-------------------------------------------
     0 | D:1      | lesaewzxc the Draconian Berserker began the quest for the
                  | Orb.
     0 | D:1      | Reached XP level 1. HP: 19/19 MP: 1/1
   250 | D:1      | Reached XP level 2. HP: 19/26 MP: 2/2
   920 | D:2      | HP: 1/27 [frozen (1)]
   921 | D:2      | Slain by a bat

Illustrated notes

Levels and vault maps discovered:
D:1:      dpeg_arrival_central, layout_loops_ring, minivault_4
D:2:      layout_rooms

Skill      XL: |  1  2 |
---------------+-------+-----
Dodging        | 3 |  3.0
Fighting       | |  3.6
Polearms       | |  3.3

Action                   || total
-------------------------++-------
Melee: Spear             ||    47
       Tailslap          ||     6
Invok: Berserk           ||     1
Armor: Skin              ||    30
Dodge: Dodged            ||    46

Table legend: (Time is in decaauts)
 A = Elapsed time spent in this place.
 B = Non-inter-level travel time spent in this place.
 C = Inter-level travel time spent in this place.
 D = Time resting spent in this place.
 E = Time spent auto-exploring this place.
 F = Levels seen in this place.
 G = Mean time per level.
                   A        B        C        D        E       F      G
               +--------+--------+--------+--------+--------+-----+--------+
         Total |    921 |    921 |      0 |      0 |    593 |   2 |  460.5 |
       Dungeon |    921 |    921 |      0 |      0 |    593 |   2 |  460.5 |
               +--------+--------+--------+--------+--------+-----+--------+

Top non-repeatable levels by time:
     D:1: 901 daAuts
     D:2: 20 daAuts
